 Dungeon Crawl Stone Soup version 0.29-a0-486-ga88943ba61 (webtiles) character file.

Game seed: 10043142697141726576

2956 MeArio the Protected (level 9, -4/81 HPs)
             Began as a Minotaur Fighter on May 26, 2022.
             Was a Priest of Okawaru.
             Killed from afar by an electric eel (7 damage)
             ... with a bolt of electricity
             ... on level 7 of the Dungeon.
             The game lasted 00:18:08 (8420 turns).

MeArio the Protected (Minotaur Fighter)             Turns: 8420, Time: 00:18:08

Health: -4/81      AC: 17    Str: 25    XL:     9   Next: 52%
Magic:  8/8        EV: 23    Int:  5    God:    Okawaru [***...]
Gold:   374        SH:  6    Dex: 16    Spells: 8/8 levels left

rFire   + + .      SeeInvis .   a - +1 long sword (vamp)
rCold   + . .      Faith    .   c - +0 buckler
rNeg    . . .      Spirit   .   x - +2 chain mail {rF+}
rPois   .          Reflect  .   (helmet restricted)
rElec   .          Harm     .   r - scarf {rC+ rF+}
rCorr   .          Rampage  .   (no gloves)
Will    .....                   I - +2 pair of boots
Stlth   ..........              n - amulet of the acrobat
HPRegen 0.23/turn               E - +6 ring of dexterity
MPRegen 0.11/turn               (no ring)

@: acrobatic
A: horns 2, retaliatory headbutt
a: Renounce Religion, Heroism


You were on level 7 of the Dungeon.
You worshipped Okawaru.
Okawaru was most pleased with you.
You visited 1 branch of the dungeon, and saw 7 of its levels.
You also visited: Sewer.

You collected 374 gold pieces.

Inventory:

Hand Weapons
 a - a +1 vampiric long sword (weapon)
 z - a +7 falchion
Missiles
 o - 18 poisoned darts (quivered)
 w - a throwing net
 F - 5 silver javelins
Armour
 c - a +0 buckler (worn)
 r - a scarf of resistance (worn)
 v - a +0 cloak
 x - a +2 chain mail of fire resistance (worn)
 I - a +2 pair of boots (worn)
Jewellery
 n - an amulet of the acrobat (around neck)
 E - a +6 ring of dexterity (left hand)
Wands
 b - a wand of charming (13)
 k - a wand of flame (25)
 B - a wand of mindburst (12)
Scrolls
 f - a scroll of magic mapping
 h - 2 scrolls of noise
 s - 4 scrolls of teleportation
 t - a scroll of blinking
 y - a scroll of poison
 A - 2 scrolls of silence
 G - a scroll of enchant armour
 H - a scroll of identify
Potions
 d - 4 potions of might
 e - 4 potions of heal wounds
 g - 2 potions of haste
 i - 2 potions of magic {unknown}
 j - 3 potions of cancellation
 l - 4 potions of lignification {unknown}
 m - 3 potions of mutation {unknown}
 p - a potion of attraction {unknown}
 q - 3 potions of flight
 u - 3 potions of invisibility {unknown}
 C - a potion of resistance {unknown}
 D - 2 potions of brilliance {unknown}


   Skills:
 + Level 8.2 Fighting
 + Level 7.6 Long Blades
 * Level 10.3 Armour
 + Level 8.2 Shields


You had 8 spell levels left.
You didn't know any spells.
Your spell library contained the following spells:

 Spells                   Type           Power      Damage    Failure   Level
 Apportation              Tloc           0%         N/A       97%         1
 Necrotize                Necr           0%         1d4       97%         1
 Orb of Destruction       Conj           0%         9d5       100%        7
 Summon Small Mammal      Summ           Unusable   N/A       N/A         1
 Summon Guardian Golem    Hex/Summ       Unusable   N/A       N/A         3
 Spellforged Servitor     Conj/Summ      Unusable   N/A       N/A         7

Dungeon Overview and Level Annotations

Branches:
Dungeon (7/15)             Temple (0/1) D:6           Sewer (visited)

Altars:
Fedhas
Gozag
Makhleb
Okawaru
Xom


Innate Abilities, Weirdness & Mutations

You have a pair of horns on your head.
You reflexively headbutt those who attack you in melee.


Message History

The electric eel is almost dead.
The electric eel shoots out a bolt of lightning at you!
The bolt of electricity hits you.
You slash the electric eel!
You kill the electric eel!
Okawaru accepts your kill.
You hear a splash.
An electric eel comes into view.
You enter the shallow water.
Moving in this stuff is going to be slow.
The electric eel shoots out a bolt of lightning at you!
The bolt of electricity hits you.
You see here an electric eel corpse.
The electric eel shoots out a bolt of lightning at you!
The bolt of electricity hits you but does no damage.
The electric eel shoots out a bolt of lightning at you!
The bolt of electricity hits you!
The electric eel shoots out a bolt of lightning at you!
The bolt of electricity misses you.
The electric eel shoots out a bolt of lightning at you!
The bolt of electricity misses you.
The electric eel shoots out a bolt of lightning at you!
The bolt of electricity hits you but does no damage.
The electric eel shoots out a bolt of lightning at you!
The bolt of electricity hits you!
The electric eel shoots out a bolt of lightning at you!
The bolt of electricity hits you!
* * * LOW HITPOINT WARNING * * *
You see here an electric eel corpse.
The electric eel shoots out a bolt of lightning at you!
The bolt of electricity hits you!
* * * LOW HITPOINT WARNING * * *
The electric eel shoots out a bolt of lightning at you!
The bolt of electricity hits you!
* * * LOW HITPOINT WARNING * * *
The electric eel shoots out a bolt of lightning at you!
The bolt of electricity misses you.
The electric eel shoots out a bolt of lightning at you!
The bolt of electricity hits you!
You die...

)..........#≈≈≈P♣≈≈≈≈
...........#.P♣P≈P≈≈≈P≈≈♣♣
.............P♣PP♣≈≈≈≈≈P≈≈
.........###.≈≈≈♣≈≈P≈≈≈≈≈♣
#......### #.♣P≈≈≈≈≈≈≈PP♣
##....## #..♣≈≈SSP≈≈≈≈
#.....# ##.≈♣≈≈≈≈≈♣
#....## #..≈≈≈≈≈≈♣ ##...#
##..@†≈≈≈♣ #####
###..♣♣♣..# ##.... ##
######


You could see 2 electric eels.

Vanquished Creatures
  The ghost of Colgate the Covert, an amateur KoBr of Cheibriados (D:6)
  An orc warrior (D:6)
  2 ice beasts
  2 black bears
  2 ogres
  A phantom (D:6)
  2 kobold brigands
  Blork the orc (D:4)
  A bullfrog (D:6)
  5 scorpions
  10 wights (D:6)
  An electric eel (D:7)
  6 hounds
  Crazy Yiuf (D:3)
  3 orc priests
  3 iguanas
  Ijyb (D:3)
  Terence (D:2)
  8 orc wizards
  2 river rats (Sewer)
  21 adders
  An ufetubus (D:6)
  4 worms
  3 dart slugs (D:1)
  17 orcs
  6 bats
  8 endoplasms
  4 giant cockroaches
  4 goblins
  7 hobgoblins
  8 jackals
  4 quokkas
  7 ball pythons
  5 frilled lizards
  14 kobolds
  6 rats
173 creatures vanquished.

Vanquished Creatures (others)
  2 plants (D:7)
2 creatures vanquished.

Grand Total: 175 creatures vanquished

Notes
Turn   | Place    | Note
-------+----------+-------------------------------------------
     0 | D:1      | MeArio the Minotaur Fighter began the quest for the Orb.
     0 | D:1      | Reached XP level 1. HP: 19/19 MP: 0/0
   159 | D:1      | Reached XP level 2. HP: 27/27 MP: 1/1
   442 | D:1      | Reached skill level 4 in Armour
   769 | D:1      | Reached XP level 3. HP: 32/33 MP: 2/2
  1184 | D:2      | Noticed a scorpion
  1216 | D:2      | Killed a scorpion
  1217 | D:2      | Reached XP level 4. HP: 13/41 MP: 3/3
  1579 | D:2      | Noticed Terence
  1589 | D:2      | Killed Terence
  1590 | D:2      | Reached XP level 5. HP: 42/47 MP: 4/4
  1911 | D:3      | Found a blossoming altar of Fedhas.
  1918 | D:3      | Noticed Ijyb
  1975 | D:3      | Killed Ijyb
  2276 | D:3      | Reached skill level 5 in Fighting
  2337 | D:3      | Reached skill level 5 in Armour
  2348 | D:3      | Reached skill level 5 in Shields
  2354 | D:3      | Found a glowing drain.
  2359 | Sewer    | Entered a sewer
  2662 | Sewer    | Reached XP level 6. HP: 56/56 MP: 5/5
  3163 | D:3      | Found a faded altar of an unknown god.
  3398 | D:3      | Found a runed translucent door.
  3399 | D:3      | Noticed Crazy Yiuf
  3408 | D:3      | Killed Crazy Yiuf
  4095 | D:4      | Found an iron altar of Okawaru.
  4099 | D:4      | Became a worshipper of Warmaster Okawaru
  4241 | D:4      | Reached skill level 6 in Armour
  4241 | D:4      | Reached XP level 7. HP: 61/61 MP: 6/6
  4309 | D:4      | Reached skill level 5 in Long Blades
  4477 | D:4      | Noticed Blork the orc
  4486 | D:4      | Killed Blork the orc
  4560 | D:4      | Found an opulent altar of Gozag.
  5292 | D:5      | Entered Level 5 of the Dungeon
  5292 | D:5      | You fall into a shaft and drop 1 floor!
  5310 | D:6      | Found a staircase to the Ecumenical Temple.
  5429 | D:6      | Reached skill level 7 in Armour
  5437 | D:6      | Reached * piety under Okawaru
  5586 | D:6      | Reached XP level 8. HP: 67/71 MP: 7/7
  5629 | D:6      | Found a shimmering altar of Xom.
  5636 | D:6      | Found a runed translucent door.
  5636 | D:6      | Noticed Colgate's ghost (amateur KoBr)
  5730 | D:6      | Found a burning altar of Makhleb.
  5845 | D:5      | Reached skill level 8 in Armour
  6160 | D:5      | Reached ** piety under Okawaru
  6652 | D:6      | Reached skill level 9 in Armour
  6961 | D:6      | Reached XP level 9. HP: 77/78 MP: 8/8
  7794 | D:6      | Killed Colgate's ghost
  7943 | D:7      | Reached *** piety under Okawaru
  8144 | D:7      | Reached skill level 10 in Armour
  8420 | D:7      | HP: 3/81 [electric eel/bolt of electricity (8)]
  8420 | D:7      | Killed from afar by an electric eel

Illustrated notes

Levels and vault maps discovered:
D:1:      amcnicky_arrival_feature_with_door, layout_loops_ring,
          minmay_split_cup_small
D:2:      layout_rooms, uniq_terence
D:3:      layout_rooms, fedhas_ov_isle_minmay, gup_sewer_entry_bowl,
          nicolae_ecumenical_snake_handling, uniq_ijyb, uniq_crazy_yiuf_cottage
D:4:      layout_basic, mainiacjoe_overflow_24_doors,
          nicolae_gozag_cash_rules_everything_around_me, uniq_blork_the_orc
D:5:      layout_rooms
D:6:      layout_cave_pools, nicolae_overflow_hidden_temple,
          mainiacjoe_overflow_cross_hatched, minmay_temple_entry_sparse_star,
          hellmonk_ghost_happy_afterlife, lightli_minifort
D:7:      layout_cave_pools, nicolae_ashenzari_panopticon,
          overflow_temple_1_default, serial_bayou_lake_a

Skill      XL: |  1  2  3  4  5  6  7  8  9 |
---------------+----------------------------+-----
Shields        | 4 5 6 7 8 |  8.2
Fighting       | 4 5 6 7 8 |  8.2
Armour         | 4 5 6 7 9 10 | 10.3
Long Blades    | 3 4 5 6 7 |  7.6

Action                   |  1- 3 |  4- 6 |  7- 9 || total
-------------------------+-------+-------+-------++-------
Melee: Long sword        |    97 |   164 |   329 ||   590
       Headbutt          |    16 |    28 |    67 ||   111
  Use: Scroll            |       |     8 |     7 ||    15
Armor: Scale mail        |    47 |    25 |       ||    72
       Chain mail        |       |    31 |   166 ||   197
Dodge: Dodged            |    43 |    72 |   136 ||   251
Block: Buckler           |    18 |    39 |    81 ||   138

Table legend: (Time is in decaauts)
 A = Elapsed time spent in this place.
 B = Non-inter-level travel time spent in this place.
 C = Inter-level travel time spent in this place.
 D = Time resting spent in this place.
 E = Time spent auto-exploring this place.
 F = Levels seen in this place.
 G = Mean time per level.
                   A        B        C        D        E       F      G
               +--------+--------+--------+--------+--------+-----+--------+
         Total |   8651 |   8444 |    207 |   2011 |   4423 |   8 | 1081.4 |
       Dungeon |   7869 |   7662 |    207 |   2011 |   3981 |   7 | 1124.1 |
         Sewer |    782 |    782 |      0 |      0 |    441 |   1 |  782.0 |
               +--------+--------+--------+--------+--------+-----+--------+

Top non-repeatable levels by time:
     D:6: 1946 daAuts
     D:3: 1532 daAuts
     D:4: 1209 daAuts
     D:1: 1125 daAuts
     D:2: 843 daAuts
   Sewer: 782 daAuts
     D:5: 647 daAuts
     D:7: 566 daAuts
